 Dungeon Crawl Stone Soup version 0.24.1 (webtiles) character file.

Game seed: 10842877908343158163, levelgen mode: deterministic

699 raph the Cleaver (level 7, -1/59 HPs)
             Began as a Hill Orc Fighter on Apr 3, 2020.
             Succumbed to a water moccasin's poison
             ... on level 5 of the Dungeon.
             The game lasted 00:08:21 (4417 turns).

raph the Cleaver (Hill Orc Fighter)                 Turns: 4417, Time: 00:08:21

Health: -1/59      AC: 10    Str: 16 (19) XL:     7   Next: 65%
Magic:  7/7        EV:  6    Int: 11 (13) God:
Gold:   183        SH:  0    Dex: 10 (12) Spells: 6/6 levels left

rFire    . . .     SeeInvis .   a - +0 war axe
rCold    . . .     Gourm    .   (no shield)
rNeg     . . .     Faith    .   q - +0 chain mail
rPois    .         Spirit   .   t - +0 helmet
rElec    .         Reflect  .   (no cloak)
rCorr    .         Harm     .   (no gloves)
MR       +....                  (no boots)
Stlth    ..........             (no amulet)
HPRegen  0.19/turn              g - ring of stealth
MPRegen  0.10/turn              j - ring of protection from magic

@: brilliant, lethally poisoned (-1 -> -22)
A: no striking features
a: no special abilities


You were on level 5 of the Dungeon.
You were hungry.

You visited 1 branch of the dungeon, and saw 5 of its levels.

You collected 183 gold pieces.

Inventory:

Hand Weapons
 a - a +0 war axe (weapon)
 b - a +0 shortbow
Missiles
 u - 29 stones (quivered)
 w - 12 arrows
Armour
 c - a +0 shield
 q - a +0 chain mail (worn)
 t - a +0 helmet (worn)
 v - a +0 scale mail
Jewellery
 g - a ring of stealth (left hand)
 j - a ring of protection from magic (right hand)
Wands
 s - a wand of flame (8)
Scrolls
 e - a scroll of teleportation
 i - 2 scrolls of fear
 o - a scroll of fog
 r - 2 scrolls of remove curse
Potions
 h - 2 potions of lignification
 m - a potion of brilliance
 n - a potion of heal wounds {unknown}
 p - a potion of mutation {unknown}
Comestibles
 f - 3 rations


   Skills:
 - Level 4.0 Fighting
 * Level 10.4 Axes
 - Level 3.6 Armour
 - Level 3.6 Shields


You had 6 spell levels left.
You didn't know any spells.
Your spell library contained the following spells:

 Spells                   Type           Power        Failure   Level  Hunger
 Magic Dart               Conj           #...         47%         1    ##.....
 Blink                    Tloc           N/A          58%         2    ###....
 Call Imp                 Summ           #.......     58%         2    ###....
 Slow                     Hex            #.......     58%         2    ###....
 Conjure Flame            Conj/Fire      #.......     78%         3    ####...
 Mephitic Cloud           Conj/Pois/Air  #.......     78%         3    ####...


Dungeon Overview and Level Annotations

Branches:
Dungeon (5/15)
 Temple: D:4-7

Altars:
Cheibriados
Dithmenos
Gozag
Makhleb
Okawaru
Wu Jian
Yredelemnul


Message History

You miss the water moccasin.
The water moccasin is almost dead.
* * * LOW HITPOINT WARNING * * *
You feel very sick. The water moccasin bites you.
* * * LOW HITPOINT WARNING * * *
You closely miss the water moccasin.
The water moccasin is almost dead.
* * * LOW HITPOINT WARNING * * *
You feel sick. The water moccasin bites you.
* * * LOW HITPOINT WARNING * * *
The water moccasin bites you but does no damage.
You closely miss the water moccasin.
The water moccasin is almost dead.
* * * LOW HITPOINT WARNING * * *
You feel sick.
The water moccasin bites you but does no damage.
It was a potion of brilliance.
You feel clever all of a sudden.
You die...

##......##..#.#...#
###.......#..##.....#..
#..<...................
##..#...).........###..
#########.......##.........#
#...#..##...#...........#...#
#..........###...##.....##.....
#...........##.................
#............#.S@........#.....
##...#.#...#.........##..# ....
##..####.##...รท.....#...# ...
##....#...))#..........#
##.#.....>)##........
.#............>..##
#...#.............#
#..###.##......>...# ##..
#.##..#........


You could see a water moccasin.

Vanquished Creatures
  An orc warrior (D:5)
  A centaur (D:5)
  An orc wizard (D:5)
  A hound (D:4)
  A gnoll shaman (D:4)
  6 worker ants
  A howler monkey skeleton (D:5)
  A worker ant zombie (D:5)
  9 gnolls (D:4)
  8 adders
  A shadow imp (D:5)
  6 worms
  An adder skeleton (D:4)
  3 leopard geckos
  3 orcs
  A ball python (D:1)
  10 bats
  6 giant cockroaches
  7 goblins
  6 hobgoblins
  9 jackals (D:1)
  3 frilled lizards
  7 kobolds
  A leopard gecko skeleton (D:4)
  A quokka zombie (D:5)
  5 rats
100 creatures vanquished.

Notes
Turn   | Place    | Note
-------+----------+-------------------------------------------
     0 | D:1      | raph the Hill Orc Fighter began the quest for the Orb.
     0 | D:1      | Reached XP level 1. HP: 19/19 MP: 1/1
    51 | D:1      | Reached skill level 3 in Axes
    53 | D:1      | Reached XP level 2. HP: 23/27 MP: 2/2
   360 | D:1      | Reached XP level 3. HP: 27/33 MP: 3/3
  1040 | D:2      | Reached skill level 4 in Axes
  1066 | D:2      | Reached XP level 4. HP: 29/40 MP: 4/4
  1178 | D:2      | Reached skill level 5 in Axes
  1798 | D:2      | Reached XP level 5. HP: 46/46 MP: 5/5
  1889 | D:2      | Found an ornate altar of the Wu Jian Council.
  1890 | D:2      | Found an iron altar of Okawaru.
  1890 | D:2      | Found a burning altar of Makhleb.
  1892 | D:2      | Found a shadowy altar of Dithmenos.
  1896 | D:2      | Found a basalt altar of Yredelemnul.
  2020 | D:3      | Reached skill level 6 in Axes
  2514 | D:3      | Found an opulent altar of Gozag.
  2907 | D:4      | Reached skill level 7 in Axes
  3015 | D:4      | Reached XP level 6. HP: 47/52 MP: 6/6
  3100 | D:4      | Reached skill level 8 in Axes
  3323 | D:4      | Found a snail-covered altar of Cheibriados.
  3692 | D:4      | Noticed a phantom
  3728 | D:5      | Entered Level 5 of the Dungeon
  3753 | D:5      | Reached skill level 9 in Axes
  3753 | D:5      | Reached XP level 7. HP: 25/59 MP: 7/7
  4176 | D:5      | Reached skill level 10 in Axes
  4416 | D:5      | HP: 1/59 [poisoned by a water moccasin]
  4417 | D:5      | Succumbed to a water moccasin's poison

Levels and vault maps discovered:
D:1:      lemuel_arrival_rhombus, layout_rooms, minmay_hexomino_f4
D:2:      layout_rooms, minitemple, minmay_misc_feat_encased
D:3:      layout_basic, kennysheep_another_room,
          nicolae_gozag_cash_rules_everything_around_me
D:4:      layout_basic, nicolae_overflow_crystal_walls, first_ration
D:5:      layout_cave_pools, overflow_temple_1_default, serial_shops,
          nicolae_shop_stone, nrook_pool_corridor

Skill      XL: |  1  2  3  4  5  6  7 |
---------------+----------------------+-----
Axes           | 3 4 5 7 9 10 | 10.4
Fighting       | 4 |  4.0
Armour         | |  3.6
Shields        | |  3.6

Action                   |  1- 3 |  4- 6 |  7- 9 || total
-------------------------+-------+-------+-------++-------
Melee: War axe           |    89 |   207 |    48 ||   344
 Fire: Shortbow          |       |       |     3 ||     3
  Use: Scroll            |       |     8 |       ||     8
       Potion            |       |       |     4 ||     4
  Eat: Chunk             |       |     9 |     2 ||    11
Armor: Scale mail        |    50 |    49 |       ||    99
       Chain mail        |       |    81 |    32 ||   113
Dodge: Dodged            |    84 |    80 |    18 ||   182
Block: Shield            |     9 |       |       ||     9
